 Dungeon Crawl Stone Soup version 0.20-a0-509-ga2a529b (webtiles) character file.

46 M4edhros the Vexing (level 3, -1/27 HPs)
             Began as a Formicid Arcane Marksman on Jan 22, 2017.
             Slain by an adder (4 damage)
             ... on level 2 of the Dungeon.
             The game lasted 00:01:35 (872 turns).

M4edhros the Vexing (Formicid Arcane Marksman)       Turns: 872, Time: 00:01:37

Health: -1/27      AC:  6    Str: 14    XL:     3   Next: 95%
Magic:  1/4        EV:  9    Int: 12    God:
Gold:   64         SH:  0    Dex: 12    Spells: 1/4 levels left

rFire    . . .     SeeInvis +   k - -2 dagger (curse)
rCold    . . .     Gourm    .   h - +0 scale mail
rNeg     . . .     Faith    .   (no shield)
rPois    .         Spirit   .   (helmet unavailable)
rElec    .         Reflect  .   (no cloak)
rCorr    .         Harm     .   (no gloves)
MR       .....                  (no boots)
Stlth    ..........             (no amulet)
Regen    0.1/turn               (no ring)
                                (no ring)

@: lethally poisoned (-1 -> -4), very slightly contaminated
A: permanent stasis, dig shafts and tunnels, four strong arms, antennae 3
a: Dig, Shaft Self


You were on level 2 of the Dungeon.
You were not hungry.

You visited 1 branch of the dungeon, and saw 2 of its levels.

You collected 64 gold pieces.

Inventory:

Hand Weapons
 a - a +0 hand crossbow
 k - a cursed -2 dagger (weapon)
Missiles
 d - 14 bolts
Armour
 e - a +0 robe
 h - a +0 scale mail (worn)
Potions
 g - 2 potions of curing
Books
 c - a book of Debilitation

   Spells                             Type                      Level
   a - Corona                         Hexes                        1
   b - Slow                           Hexes                        2
   c - Gell's Gravitas                Hexes/Translocation          3
   d - Inner Flame                    Hexes/Fire                   3
   e - Cause Fear                     Hexes                        4
   f - Leda's Liquefaction            Hexes/Earth                  4
Comestibles
 f - a bread ration
 j - a chunk of flesh


   Skills:
 + Level 1.7 Fighting
 * Level 2.4 Crossbows
 + Level 2.2 Dodging
 - Level 1.1 Spellcasting
 * Level 4.5 Hexes


You had one spell level left.
You knew the following spells:

 Your Spells              Type           Power        Failure   Level  Hunger
a - Corona                Hex            ##.....      24%         1    ##.....
b - Slow                  Hex            ##......     34%         2    ###....


Dungeon Overview and Level Annotations

Branches:
Dungeon (2/15)

Altars:


Innate Abilities, Weirdness & Mutations

You cannot be hasted, slowed, berserked, paralysed or teleported.
You can dig through walls and to a lower floor.
Your four strong arms can wield two-handed weapons with a shield.
You have a pair of large antennae on your head. (SInv)


Message History

You are no longer poisoned.
The adder barely misses you. The adder bites you but does no damage.
You hit the adder but do no damage.
The adder is heavily wounded.
The adder bites you.
* * * LOW HITPOINT WARNING * * *
You closely miss the adder.
The adder is heavily wounded.
The adder bites you.
* * * LOW HITPOINT WARNING * * *
You hit the adder but do no damage.
The adder is heavily wounded.
The adder barely misses you.
You hit the adder but do no damage.
The adder is heavily wounded.
The adder bites you.
* * * LOW HITPOINT WARNING * * *
You are lethally poisoned!
The adder poisons you! The adder bites you.
You die...

#..............# ##.##......
#.#..#.##..#[######## #......####
.....#..............# #..##..####
#.#........##.#####.###........##
###.......###.#####....(.....#.##
.....########.##.....##..........
###### #......##.###....#.....
#.#..S....# #.)......##
#.####@#### ##.......## #.......#
###.###..### #..#.#..#
#.....#..... #
#.#....##.....##.### .
...#.##.....##....
.####...##.....###### #.
..###.....# # #.# ####### .#


You could see an adder.

Vanquished Creatures
  2 adders (D:2)
  2 dart slugs
  A leopard gecko (D:1)
  A giant cockroach (D:2)
  6 goblins
  A hobgoblin (D:1)
  2 ball pythons
  2 bats (D:1)
  A frilled lizard (D:2)
  3 kobolds (D:2)
  5 rats
26 creatures vanquished.

Notes
Turn   | Place    | Note
-------+----------+-------------------------------------------
     0 | D:1      | M4edhros the Formicid Arcane Marksman began the quest for the Orb.
     0 | D:1      | Reached XP level 1. HP: 15/15 MP: 2/2
   152 | D:1      | Reached skill level 4 in Hexes
   152 | D:1      | Reached XP level 2. HP: 21/21 MP: 3/3
   219 | D:1      | Learned a level 2 spell: Slow
   437 | D:2      | Reached XP level 3. HP: 25/27 MP: 4/4
   668 | D:2      | HP: 1/27 [poisoned by an adder]
   872 | D:2      | Slain by an adder

Vault maps used:
D:1:      shiori_arrival_maze

Skill      XL: |  1  2 |
---------------+-------+-----
Hexes          | 4 |  4.5
Dodging        | 2 |  2.2
Fighting       | |  1.7
Crossbows      | |  2.4
Spellcasting   | |  1.1

Action                   || total
-------------------------++-------
Melee: Dagger            ||    91
 Fire: Hand crossbow     ||    46
  Use: Scroll            ||     2
       Potion            ||     1
Armor: Robe              ||     1
       Scale mail        ||    44
Dodge: Dodged            ||    59
